 Dungeon Crawl Stone Soup version 0.27.0-1-g7a089689b8 (webtiles) character file.

Game seed: 2034841898751736902

52 pkoi the Chopper (level 3, 0/30 HPs)
             Began as a Minotaur Gladiator on Aug 11, 2021.
             Was a Believer of Ru.
             Slain by Grinder (6 damage)
             ... while paralysed by Grinder
             ... on level 2 of the Dungeon.
             The game lasted 00:01:35 (1556 turns).

pkoi the Chopper (Minotaur Gladiator)               Turns: 1556, Time: 00:01:36

Health: 0/30       AC:  4    Str: 19    XL:     3   Next: 60%
Magic:  2/2        EV:  2    Int:  5    God:    Ru [**....]
Gold:   37         SH:  0    Dex: 11    Spells: 2/2 levels left

rFire    . . .     SeeInvis .   a - +0 war axe
rCold    . . .     Faith    .   (no shield)
rNeg     . . .     Spirit   .   b - +0 leather armour
rPois    .         Reflect  .   c - +0 hat
rElec    .         Harm     .   e - +0 cloak
rCorr    .         Rampage  .   (no gloves)
Will     .....                  (no boots)
Stlth    +.........             (no amulet)
HPRegen  0.10/turn              (no ring)
MPRegen  0.08/turn              (no ring)

@: paralysed
A: horns 2, hated by all, retaliatory headbutt
a: Renounce Religion


You were on level 2 of the Dungeon.
You worshipped Ru.
Ru was pleased with you.
You visited 1 branch of the dungeon, and saw 3 of its levels.

You collected 37 gold pieces.

Inventory:

Hand Weapons
 a - a +0 war axe (weapon)
Missiles
 d - 3 throwing nets (quivered)
 m - 3 boomerangs
Armour
 b - a +0 leather armour (worn)
 c - a +0 hat (worn)
 e - a +0 cloak (worn)
Jewellery
 f - an amulet of the acrobat
Scrolls
 h - 2 scrolls of teleportation {unknown}
 j - a scroll of identify {unknown}
 l - 2 scrolls of fog {unknown}
Potions
 g - a potion of invisibility {unknown}
 i - a potion of lignification {unknown}
 k - a potion of brilliance {unknown}
 n - a potion of degeneration {unknown}


   Skills:
 - Level 2.4 Fighting
 + Level 5.6 Axes
 - Level 2.0 Throwing
 - Level 3.2 Dodging


You had 2 spell levels left.
You didn't know any spells.
Your spell library was empty.

Dungeon Overview and Level Annotations

Branches:
Dungeon (3/15)

Altars:
Ru

Annotations:
D:2 Grinder


Innate Abilities, Weirdness & Mutations

You have a pair of horns on your head.
You are hated by all.
You reflexively headbutt those who attack you in melee.


Message History

A worm and a kobold come into view.
The kobold shouts!
Grinder gestures at you.
You suddenly lose the ability to move!
Found 15 poisoned darts.
You can move again.
Unknown command.
Unknown command.
A goblin comes into view. It is wielding a +0 club.
The goblin shouts!
Grinder begins to attack, but is stunned by your conviction!
The goblin barely misses you. You furiously retaliate!
You headbutt the goblin. The goblin completely misses you.
You furiously retaliate!
You headbutt the goblin!
You kill the goblin!
The kobold throws a stone.
The stone misses you.
Grinder says, "FISH!"
Grinder blinks!
Grinder gestures at you. Pain shoots through your body!
Grinder blinks!
Grinder hits you.
You writhe in agony.
You focus your inner power and illuminate Grinder in retribution!
Grinder says, "FISH!"
There is a stone staircase leading up here.
Grinder closely misses you. You furiously retaliate!
You headbutt Grinder.
You climb upwards.
There is a stone staircase leading down here.
You slash Grinder!
Grinder is moderately wounded.
Grinder hits you.
You writhe in agony.
* * * LOW HITPOINT WARNING * * *
You slash Grinder!
Grinder is heavily wounded.
Grinder gestures at you.
You suddenly lose the ability to move!
Grinder hits you.
* * * LOW HITPOINT WARNING * * *
You writhe in agony.
You die...

#..........##.........#
#.......#...#.#########
#.......#...#.#
#(....(.##....#
#.......##....#
#.......###...#
#.......# #...#
######### ##.5# #.@#
####


You could see Grinder (corona).

Vanquished Creatures
  A dart slug (D:1)
  3 bats
  9 endoplasms
  A giant cockroach (D:1)
  8 goblins
  3 hobgoblins (D:1)
  2 quokkas
  3 ball pythons (D:1)
  3 frilled lizards
  5 kobolds
  6 rats
44 creatures vanquished.

Notes
Turn   | Place    | Note
-------+----------+-------------------------------------------
     0 | D:1      | pkoi the Minotaur Gladiator began the quest for the Orb.
     0 | D:1      | Reached XP level 1. HP: 18/18 MP: 0/0
    35 | D:1      | Found a faded altar of an unknown god.
    44 | D:1      | Became a worshipper of Ru the Awakened
    62 | D:1      | Gained mutation: You are hated by all. [Ru sacrifice]
    62 | D:1      | Reached * piety under Ru
    62 | D:1      | Reached ** piety under Ru
    95 | D:1      | Reached skill level 4 in Axes
   164 | D:1      | Reached XP level 2. HP: 25/25 MP: 1/1
   581 | D:1      | Reached skill level 5 in Axes
   626 | D:1      | Reached XP level 3. HP: 29/30 MP: 2/2
  1527 | D:3      | Noticed Grinder
  1529 | D:3      | Paralysed by Grinder for 2 turns
  1555 | D:2      | Paralysed by Grinder for 6 turns
  1556 | D:2      | Slain by Grinder

Illustrated notes

Levels and vault maps discovered:
D:1:      dpeg_arrival_round_c, layout_loops_ring,
          ebering_ecumenical_altar_sacrificial
D:2:      layout_basic, minmay_misc_feat_rows
D:3:      layout_rooms, nicolae_uskayaw_en_pointe, uniq_terence, uniq_grinder,
          uniq_ijyb

Skill      XL: |  1  2 |
---------------+-------+-----
Axes           | 4 5 |  5.6
Fighting       | |  2.4
Throwing       | |  2.0
Dodging        | |  3.2

Action                   || total
-------------------------++-------
Melee: War axe           ||    68
       Headbutt          ||     7
Invok: Sacrifice Love    ||     1
Armor: Leather armour    ||    21
Dodge: Dodged            ||    28
